 Dungeon Crawl Stone Soup version 0.26-a0-291-g3d11bbfad5 (webtiles) character file.

Game seed: 13423451599220031066

240 Misa the Skirmisher (level 6, -3/39 HPs)
             Began as a Gargoyle Berserker on July 14, 2020.
             Was a Priest of Trog.
             Slain by an orc priest
             ... wielding a +0 flail
              (6 damage)
             ... on level 3 of the Dungeon.
             The game lasted 00:04:15 (2204 turns).

Misa the Skirmisher (Gargoyle Berserker)            Turns: 2204, Time: 00:04:15

Health: -3/39      AC: 11    Str: 23    XL:     6   Next: 8%
Magic:  6/6        EV: 11    Int:  7    God:    Trog [***...]
Gold:   149        SH:  0    Dex:  9    Spells: 5/5 levels left

rFire    . . .     SeeInvis .   a - +0 hand axe
rCold    . . .     Faith    .   (no shield)
rNeg     + . .     Spirit   .   g - +0 ring mail
rPois    ∞         Reflect  .   (no helmet)
rElec    +         Harm     .   j - +0 cloak
rCorr    .                      (no gloves)
MR       .....                  (no boots)
Stlth    ++........             (no amulet)
HPRegen  0.13/turn              l - ring of stealth
MPRegen  0.10/turn              (no ring)

@: berserk cooldown, slowed, very slow
A: negative energy resistance 1, electricity resistance, unbreathing,
petrification resistance, rot immunity, AC +4
a: Berserk, Trog's Hand, Renounce Religion


You were on level 3 of the Dungeon.
You worshipped Trog.
Trog was most pleased with you.
You visited 1 branch of the dungeon, and saw 3 of its levels.

You collected 149 gold pieces.

Inventory:

Hand Weapons
 a - a +0 hand axe (weapon)
Armour
 g - a +0 ring mail (worn)
 j - a +0 cloak (worn)
Jewellery
 l - a ring of stealth (left hand)
Scrolls
 b - 2 scrolls of teleportation {unknown}
 d - 2 scrolls of blinking {unknown}
 h - a scroll of remove curse {unknown}
 o - a scroll of fog {unknown}
Potions
 c - 2 potions of curing {unknown}
 e - 3 potions of lignification {unknown}
 f - a potion of heal wounds {unknown}
 i - a potion of cancellation {unknown}
 k - a potion of mutation {unknown}
 m - a potion of degeneration {unknown}
 n - a potion of brilliance {unknown}


   Skills:
 + Level 4.7 Fighting
 + Level 4.4 Axes
 + Level 3.7 Armour
 - Level 1.5 Dodging
 + Level 0.9 Stealth


You had 5 spell levels left.
You didn't know any spells.
Your spell library was empty.

Dungeon Overview and Level Annotations

Branches:
Dungeon (3/15)

Altars:


Innate Abilities, Weirdness & Mutations

You are resistant to torment.
Your stone body is resilient. (AC +4)
You are immune to poison.
You resist negative energy. (rN+)
You are resistant to electric shocks. (rElec)
You can survive without breathing.
You are immune to petrification.
You are immune to rotting.


Message History

You hit the orc. You closely miss the orc priest. You hit the orc.
You kill the orc!
Trog accepts your kill.
The orc priest hits you with a +0 flail!
* * * LOW HITPOINT WARNING * * *
You closely miss the orc priest. You slash the orc priest!
The orc priest is severely wounded.
The orc priest barely misses you.
You closely miss the orc priest.
The orc priest is severely wounded.
You are no longer berserk.
You are exhausted.
You feel yourself slow down.
You hit the orc priest.
The orc priest is almost dead.
The orc priest looks encouraged for a moment.
The orc priest hits you with a +0 flail.
You die...

#.. #.# ..... .$. .$.
#### ..... ..##.# ...
##..... #o#.#
#.###...... .##.##.o#
#...#...#
...$...$######.....#####
###.####)#.....#.......#
.....###)..#####.......#
#.....@o..####..#.....#
#....###.###...##.....#
#... #.....###......#
#.. #.....##..#..... #.
#..###.....#...>. # #.##
####........ ...
#..##..... #. .#.#
#..###..... #. ...
#.###......


You could see an orc priest.

Vanquished Creatures
  A black bear (D:3)
  7 adders
  An ooze (D:2)
  A dart slug (D:1)
  3 leopard geckos (D:2)
  4 orcs (D:3)
  5 bats
  7 giant cockroaches
  15 goblins
  7 hobgoblins
  6 kobolds
  A quokka (D:2)
  8 frilled lizards
  8 rats
74 creatures vanquished.

Notes
Turn   | Place    | Note
-------+----------+-------------------------------------------
     0 | D:1      | Misa the Gargoyle Berserker began the quest for the Orb.
     0 | D:1      | Reached XP level 1. HP: 14/14 MP: 1/1
    95 | D:1      | Reached XP level 2. HP: 13/19 MP: 2/2
   449 | D:1      | Reached XP level 3. HP: 19/24 MP: 3/3
   451 | D:1      | Reached ** piety under Trog
  1254 | D:2      | Reached XP level 4. HP: 29/29 MP: 4/4
  1976 | D:3      | Reached XP level 5. HP: 34/34 MP: 5/5
  2089 | D:3      | Reached *** piety under Trog
  2162 | D:3      | Noticed a black bear
  2192 | D:3      | Killed a black bear
  2192 | D:3      | Reached XP level 6. HP: 33/39 MP: 6/6
  2204 | D:3      | Slain by an orc priest

Illustrated notes

Levels and vault maps discovered:
D:1:      nzn_arrival_water_spiral, layout_basic, minmay_misc_feat_columns
D:2:      layout_basic, minmay_tetromino_s4
D:3:      layout_rooms, roderic_three_in_a_row, grunt_dithmenos_smoke

Skill      XL: |  1  2  3  4  5 |
---------------+----------------+-----
Axes           | 3 4 |  4.4
Fighting       | 4 |  4.7
Armour         | 3 |  3.7
Dodging        | |  1.5
Stealth        | |  0.9

Action                   |  1- 3 |  4- 6 || total
-------------------------+-------+-------++-------
Melee: Hand axe          |   138 |   116 ||   254
Invok: Berserk           |       |     1 ||     1
 Stab: Sleeping          |       |     1 ||     1
Armor: Animal skin       |    17 |       ||    17
       Ring mail         |    29 |    60 ||    89
       Skin              |     2 |       ||     2
Dodge: Dodged            |   100 |    85 ||   185

Table legend:
 A = Non-vault XP
 B = Vault XP
 C = Vault XP percentage of total XP
 D = Non-vault monster count
 E = Vault monster count
 F = Vault count percentage of total count
                 A         B        C        D         E       F
            +---------+---------+-------+---------+---------+-------
      Total |     341 |       3 |   0.9 |      72 |       2 |   2.7
            +---------+---------+-------+---------+---------+-------
        D:1 |      43 |       0 |   0.0 |      26 |       0 |   0.0
        D:2 |     102 |       3 |   2.9 |      29 |       2 |   6.5
        D:3 |     196 |       0 |   0.0 |      17 |       0 |   0.0
            +---------+---------+-------+---------+---------+-------
